 Dungeon Crawl Stone Soup version 0.28.0-43-g3370ac3207 (webtiles) character file.

Game seed: 5007311485951038024

36 cbfl8 the Sneak (level 3, -1/33 HPs)
             Began as a Minotaur Delver on Feb 28, 2022.
             Slain by a black bear (4 damage)
             ... on level 4 of the Dungeon.
             The game lasted 00:00:38 (325 turns).

cbfl8 the Sneak (Minotaur Delver)                    Turns: 325, Time: 00:00:38

Health: -1/33      AC:  3    Str: 18    XL:     3   Next: 19%
Magic:  2/2        EV: 12    Int:  7    God:
Gold:   16         SH:  0    Dex: 11    Spells: 2/2 levels left

rFire   . . .      SeeInvis .   a - +0 hand axe
rCold   . . .      Faith    .   (no shield)
rNeg    . . .      Spirit   .   b - +0 leather armour
rPois   .          Reflect  .   (helmet restricted)
rElec   .          Harm     .   (no cloak)
rCorr   .          Rampage  .   (no gloves)
Will    .....                   (no boots)
Stlth   ++........              (no amulet)
HPRegen 0.11/turn               (no ring)
MPRegen 0.08/turn               (no ring)

@: no status effects
A: horns 2, retaliatory headbutt
a: no special abilities


You were on level 4 of the Dungeon.
You visited 1 branch of the dungeon, and saw 2 of its levels.

You collected 16 gold pieces.

Inventory:

Hand Weapons
 a - a +0 hand axe (weapon)
Armour
 b - a +0 leather armour (worn)
Wands
 g - a wand of digging (3)
Scrolls
 c - a scroll of fog
 e - a scroll of fear
Potions
 f - a potion of haste


   Skills:
 + Level 3.9 Fighting
 + Level 2.8 Axes
 + Level 0.1 Armour
 + Level 2.3 Dodging
 + Level 4.7 Stealth


You had 2 spell levels left.
You didn't know any spells.
Your spell library was empty.

Dungeon Overview and Level Annotations

Branches:
Dungeon (5/15)
 Temple: D:4-7

Altars:


Innate Abilities, Weirdness & Mutations

You have a pair of horns on your head.
You reflexively headbutt those who attack you in melee.


Message History

A black bear and an ufetubus come into view.
Found a scroll labelled MUAFRU TUYNEU.
Found a scroll labelled JUERIE JACZEAT.
The black bear growls angrily.
You hear a shout!
The ufetubus shouts!
A goblin comes into view. It is wielding a +0 club.
The black bear bites you. The black bear claws you. x2
The ufetubus misses you. x2; The ufetubus hits you. x2
The black bear bites you. The black bear closely misses you.
The black bear barely misses you.
You hit the black bear but do no damage.
You hit the ufetubus. The ufetubus barely misses you. You furiously retaliate!
You headbutt the ufetubus!
You kill the ufetubus!
The black bear misses you.
The black bear claws you but does no damage.
The black bear barely misses you.
You hit the black bear.
The black bear is lightly wounded.
The black bear closely misses you. The black bear completely misses you.
The black bear claws you but does no damage.
Unknown command.
You closely miss the black bear.
The black bear is lightly wounded.
The black bear barely misses you. x2; The black bear claws you.
Unknown command.
You hit the black bear but do no damage.
You headbutt the black bear.
The black bear is moderately wounded.
The black bear bites you.
* * * LOW HITPOINT WARNING * * *
The black bear claws you.
* * * LOW HITPOINT WARNING * * *
The black bear misses you.
You hit the black bear but do no damage.
You headbutt the black bear, but do no damage.
The black bear is moderately wounded.
The black bear bites you.
* * * LOW HITPOINT WARNING * * *
The black bear closely misses you. The black bear claws you.
You die...

..........#
..........# #########
.g.....Z..# #.......#
..........# #.......#
##........####.......#
.............'......>#
..........#.##.......#
..........#.##.......#
......#...#.#..h@....#
......#.#.#.#...####.#
......#.#.#.#....# #.#
..... #r..#.#..#.##...
..... #.###.#.....#..#
......#.##..#
............#
....#####...# ##
#?.........[..


You could see a black bear.

Vanquished Creatures
  A centaur zombie (D:4)
  An ufetubus (D:4)
2 creatures vanquished.

Notes
Turn   | Place    | Note
-------+----------+-------------------------------------------
     0 | D:5      | cbfl8 the Minotaur Delver began the quest for the Orb.
     0 | D:5      | Reached XP level 1. HP: 19/19 MP: 0/0
    82 | D:4      | Reached XP level 2. HP: 16/27 MP: 1/1
    82 | D:4      | Reached XP level 3. HP: 20/33 MP: 2/2
   307 | D:4      | Noticed a black bear
   325 | D:4      | Slain by a black bear

Illustrated notes

Levels and vault maps discovered:
D:4:      minmay_bubble_buster, layout_basic
D:5:      layout_gridville, hangedman_decor_push

Action                   || total
-------------------------++-------
Melee: Hand axe          ||    11
       Headbutt          ||     2
  Use: Scroll            ||     1
Armor: Leather armour    ||     6
Dodge: Dodged            ||    22
